 Dungeon Crawl Stone Soup version 0.25.1-11-g244df3a29b (webtiles) character file.

Game seed: 14227490533996181645

380 DeepDeath the Chopper (level 6, -10/47 HPs)
             Began as a Demonspawn Fighter on Nov 7, 2023.
             Mangled by a two-headed ogre
             ... wielding a +0 giant spiked club
              (21 damage)
             ... on level 4 of the Dungeon.
             The game lasted 00:10:34 (4056 turns).

DeepDeath the Chopper (Demonspawn Fighter)          Turns: 4056, Time: 00:10:34

Health: -10/47     AC:  9    Str: 19    XL:     6   Next: 46%
Magic:  6/6        EV:  7    Int:  9    God:
Gold:   341        SH:  9    Dex: 12    Spells: 5/5 levels left

rFire    . . .     SeeInvis .   r - +2 hand axe (vorpal)
rCold    . . .     Gourm    .   c - +0 kite shield
rNeg     + . .     Faith    .   b - +0 scale mail
rPois    .         Spirit   .   (helmet restricted)
rElec    .         Reflect  .   (no cloak)
rCorr    .         Harm     .   (no gloves)
MR       .....                  (no boots)
Stlth    ..........             (no amulet)
HPRegen  0.15/turn              j - ring of positive energy
MPRegen  0.10/turn              (no ring)

@: hasted, very quick
A: antennae 1, slimy green scales 2, rot immunity
a: no special abilities


You were on level 4 of the Dungeon.
You were not hungry.

You visited 1 branch of the dungeon, and saw 4 of its levels.

You collected 341 gold pieces.

Inventory:

Hand Weapons
 a - a +0 flail
 p - a +0 mace
 r - a +2 vorpal hand axe (weapon)
 s - a +0 war axe
Missiles
 g - 113 stones (quivered)
 i - 30 sling bullets
 o - 61 bolts
Armour
 b - a +0 scale mail (worn)
 c - a +0 kite shield (worn)
Jewellery
 j - a ring of positive energy (left hand)
Scrolls
 l - a scroll of remove curse
 n - a scroll of fear
 q - a scroll of teleportation
Potions
 e - 2 potions of heal wounds
 h - 2 potions of haste
 k - 2 potions of curing
 m - a potion of brilliance
 t - a potion of cancellation {unknown}
Comestibles
 f - 6 rations


   Skills:
 - Level 3.0 Fighting
 + Level 4.4(5.1) Axes
 - Level 3.8(4.9) Maces & Flails
 - Level 3.0 Armour
 - Level 3.0 Shields


You had 5 spell levels left.
You didn't know any spells.
Your spell library was empty.

Dungeon Overview and Level Annotations

Branches:
Dungeon (4/15)
 Temple: D:4-7

Altars:

Annotations:
D:3 1 runed translucent door, Crazy Yiuf


Innate Abilities, Weirdness & Mutations

You have a pair of small antennae on your head.
You are mostly covered in slimy green scales. (AC +3)
You are immune to rotting.


Message History

Aim: a two-headed ogre, wielding a +0 giant spiked club and a +0 giant club You throw a stone.
The stone barely misses the two-headed ogre.
You hit the two-headed ogre but do no damage.
You hit the two-headed ogre.
The two-headed ogre is lightly wounded.
The two-headed ogre hits you with a +0 giant spiked club.
You block the two-headed ogre's attack.
You hit the two-headed ogre.
The two-headed ogre is lightly wounded.
You block the two-headed ogre's attack.
The two-headed ogre hits you with a +0 giant club!
Your shield and scale mail prevent you from hitting the two-headed ogre.
The two-headed ogre is lightly wounded.
You hit the two-headed ogre but do no damage.
The two-headed ogre is lightly wounded.
The two-headed ogre hits you with a +0 giant spiked club!
* * * LOW HITPOINT WARNING * * *
The two-headed ogre hits you with a +0 giant club!!
You die...

#####..########..##.#
..###.
###...####....###.###......
#..........#..........#
#<.))........#####...##
###.##.############..#####
#)##.# #.............
#.##.# ###.#..#..#####.
#.##.#####...#.###..#
#.##........@.........
#.####..#.###O.####..## #.#
#..#.##...#####.### #.#
#.##.####.......... #.#
#.##.# #....####( #.#
#.##.# #...(# #.# #..#.#
#....#### #.# ##....#
#.###.#.## #.# #....## #.#
##.#.#


You could see a two-headed ogre.

Vanquished Creatures
  2 scorpions (D:4)
  2 orc priests (D:4)
  2 orc wizards (D:4)
  A worker ant (D:4)
  4 adders
  An ooze (D:2)
  4 worms
  A dart slug (D:2)
  A leopard gecko (D:3)
  10 orcs
  4 giant cockroaches
  8 goblins
  7 hobgoblins
  10 jackals
  10 kobolds
  7 bats
  6 frilled lizards
  6 rats
86 creatures vanquished.

Notes
Turn   | Place    | Note
-------+----------+-------------------------------------------
     0 | D:1      | DeepDeath the Demonspawn Fighter began the quest for the
                  | Orb.
     0 | D:1      | Reached XP level 1. HP: 18/18 MP: 1/1
   190 | D:1      | Gained mutation: You are immune to rotting. [demonic
                  | ancestry]
   190 | D:1      | Reached XP level 2. HP: 24/24 MP: 2/2
   884 | D:2      | Reached XP level 3. HP: 24/29 MP: 3/3
  1479 | D:2      | Gained mutation: You have a pair of small antennae on your
                  | head. [demonic ancestry]
  1479 | D:2      | Reached XP level 4. HP: 34/35 MP: 4/4
  1853 | D:2      | Noticed an ice beast
  2029 | D:3      | Found a runed translucent door.
  2030 | D:3      | Noticed Crazy Yiuf
  2430 | D:3      | Reached skill level 1 in Axes
  3158 | D:4      | Noticed a two-headed ogre
  3203 | D:4      | Reached skill level 2 in Axes
  3203 | D:4      | Gained mutation: You are partially covered in slimy green
                  | scales. (AC +2) [demonic ancestry]
  3203 | D:4      | Reached XP level 5. HP: 24/41 MP: 5/5
  3509 | D:4      | Reached skill level 3 in Axes
  3676 | D:4      | Gained mutation: You are mostly covered in slimy green
                  | scales. (AC +3) [demonic ancestry]
  3676 | D:4      | Reached XP level 6. HP: 29/47 MP: 6/6
  3677 | D:4      | Reached skill level 4 in Axes
  4056 | D:4      | Mangled by a two-headed ogre

Illustrated notes

Levels and vault maps discovered:
D:1:      lemuel_arrival_muddy, layout_rooms, minmay_ruptured
D:2:      layout_loops_cross, minmay_tall_x
D:3:      layout_loops_corners, uniq_crazy_yiuf_cottage
D:4:      layout_rooms, first_ration, serial_shops,
          nicolae_shop_overgrown_old_shop, minivault_24, trog_hazing_becter,
          uniq_pikel

Skill      XL: |  1  2  3  4  5  6 |
---------------+-------------------+-----
Maces & Flails | 2 3 |  3.8
Armour         | 3 |  3.0
Shields        | 3 |  3.0
Axes           | 2 3 4 |  4.4
Fighting       | |  3.0

Action                   |  1- 3 |  4- 6 || total
-------------------------+-------+-------++-------
Melee: Flail             |   136 |    49 ||   185
       Hand axe          |       |   142 ||   142
Throw: Stone             |     4 |    10 ||    14
  Use: Scroll            |     3 |     6 ||     9
       Potion            |     1 |     4 ||     5
  Eat: Chunk             |     2 |     5 ||     7
       Ration            |       |     1 ||     1
Armor: Scale mail        |    60 |    67 ||   127
Dodge: Dodged            |    47 |    44 ||    91
Block: Kite shield       |    64 |    82 ||   146
